 Dungeon Crawl Stone Soup version 0.29-a0-559-g359e09b9d1 (webtiles) character file.

Game seed: 2309923275455614301

113 xian the Ducker (level 4, -4/34 HPs)
             Began as a Demonspawn Gladiator on June 10, 2022.
             Slain by Sigmund
             ... wielding a +0 scythe
              (10 damage)
             ... on level 2 of the Dungeon.
             The game lasted 00:02:58 (1159 turns).

xian the Ducker (Demonspawn Gladiator)              Turns: 1159, Time: 00:02:59

Health: -4/34      AC:  4    Str: 16    XL:     4   Next: 65%
Magic:  4/4        EV: 13    Int:  9    God:
Gold:   92         SH:  0    Dex: 15    Spells: 3/3 levels left

rFire   . . .      SeeInvis .   g - +1 dagger (elec)
rCold   . . .      Faith    .   (no shield)
rNeg    . . .      Spirit   .   b - +0 leather armour
rPois   .          Reflect  .   (helmet restricted)
rElec   .          Harm     .   (no cloak)
rCorr   .          Rampage  .   (no gloves)
Will    .....                   i - +0 pair of boots
Stlth   +.........              (no amulet)
HPRegen 0.11/turn               (no ring)
MPRegen 0.09/turn               (no ring)

@: no status effects
A: antennae 1, demonic guardian 1, powered by death 1
a: no special abilities


You were on level 2 of the Dungeon.
You visited 1 branch of the dungeon, and saw 2 of its levels.

You collected 92 gold pieces.

Inventory:

Hand Weapons
 a - a +0 long sword
 g - a +1 dagger of electrocution (weapon)
Missiles
 d - 3 throwing nets
 e - a javelin
 f - 4 poisoned darts (quivered)
Armour
 b - a +0 leather armour (worn)
 c - a +0 helmet
 i - a +0 pair of boots (worn)
Potions
 h - a potion of degeneration {unknown}


   Skills:
 + Level 2.4 Fighting
 + Level 0.9(2.2) Short Blades
 + Level 3.3(3.4) Long Blades
 + Level 2.0 Throwing
 + Level 1.6 Armour
 + Level 3.4 Dodging
 + Level 0.2 Stealth


You had 3 spell levels left.
You didn't know any spells.
Your spell library contained the following spells:

 Spells                   Type           Power      Damage    Failure   Level
 Sandblast                Erth           0%         2d4       45%         1
 Passwall                 Tmut/Erth      0%         N/A       58%         2
 Stone Arrow              Conj/Erth      0%         3d7       83%         3
 Leda's Liquefaction      Hex/Erth       0%         N/A       99%         4
 Lee's Rapid Deconstruct  Erth           0%         3d5*      100%        5
 Statue Form              Tmut/Erth      0%         N/A       100%        6


Dungeon Overview and Level Annotations

Branches:
Dungeon (2/15)

Altars:

Annotations:
D:2 Sigmund


Innate Abilities, Weirdness & Mutations

You have a pair of small antennae on your head.
A weak demonic guardian rushes to your aid.
You regenerate a little health from kills.


Message History

Your white imp closely misses you.
Sigmund says, "Now you see me, now you don't..."
Sigmund closely misses you.
Unknown command.
Sigmund barely misses you.
Sigmund hits you from afar with a +0 scythe!
A demonic guardian appears!
Your white imp seems less confused.
Your white imp disappears in a puff of smoke!
Sigmund points at you and mumbles some strange words.
The puff of flame hits you.
You feel less confused.
Sigmund zaps a wand.
You resist with some effort.
Your white imp closely misses Sigmund.
Sigmund zaps a wand.
You resist with some effort.
Your white imp gestures at Sigmund.
The puff of frost hits Sigmund.
Sigmund resists.
Sigmund gestures at you while chanting. You resist with some effort.
Your white imp barely misses Sigmund.
Sigmund barely misses you.
Your white imp barely misses Sigmund.
Sigmund zaps a wand.
You resist with some effort.
The now-empty wand crumbles to dust.
Your white imp hits Sigmund.
Your white imp freezes Sigmund.
Sigmund resists.
Sigmund barely misses you.
Your white imp gestures at Sigmund.
The puff of frost hits Sigmund.
Sigmund resists.
Things that are here:
a +0 short sword; 4 stones Your white imp closely misses Sigmund.
Things that are here:
a +0 dagger; 3 scrolls labelled KABIRYMNIB; a goblin corpse Sigmund hits you with a +0 scythe!
* * * LOW HITPOINT WARNING * * *
A demonic guardian appears!
Your white imp gestures at Sigmund.
The puff of frost hits Sigmund.
Sigmund resists.
You hit Sigmund.
Sigmund is heavily wounded.
Sigmund hits you with a +0 scythe!
You die...

###.###.####### .# #
###.##..############.#.#
.....................#.#
.......)...............#
.......................#
.......................#
................5....#.#
...............5@....# .
...............$@....#
...............†))...#..
.........................#
...................#..#
.................## .#
................... .
.........$.......
..............$..#
...............#


You could see Sigmund (ally target), a friendly white imp (summoned) and a
friendly shadow imp (summoned).

Vanquished Creatures
  A necrophage (D:2)
  An adder (D:2)
  2 dart slugs (D:1)
  A ball python (D:1)
  An endoplasm (D:2)
  A giant cockroach (D:1)
  2 hobgoblins
  8 jackals (D:1)
  3 kobolds
  A quokka (D:1)
  5 bats (D:1)
  2 frilled lizards (D:1)
  2 rats
30 creatures vanquished.

Vanquished Creatures (collateral kills)
  A goblin (D:2)
1 creature vanquished.

Grand Total: 31 creatures vanquished

Notes
Turn   | Place    | Note
-------+----------+-------------------------------------------
     0 | D:1      | xian the Demonspawn Gladiator began the quest for the Orb.
     0 | D:1      | Reached XP level 1. HP: 16/16 MP: 1/1
   278 | D:1      | Gained mutation: You have a pair of small antennae on your
                  | head. [demonic ancestry]
   278 | D:1      | Reached XP level 2. HP: 22/22 MP: 2/2
   799 | D:1      | Gained mutation: You regenerate a little health from kills.
                  | [demonic ancestry]
   799 | D:1      | Reached XP level 3. HP: 23/27 MP: 3/3
  1092 | D:2      | Noticed a necrophage
  1109 | D:2      | Killed a necrophage
  1110 | D:2      | Reached skill level 1 in Armour
  1110 | D:2      | Gained mutation: A weak demonic guardian rushes to your
                  | aid. [demonic ancestry]
  1110 | D:2      | Reached XP level 4. HP: 25/34 MP: 4/4
  1117 | D:2      | Noticed Sigmund
  1159 | D:2      | Slain by Sigmund

Illustrated notes

Levels and vault maps discovered:
D:1:      minmay_arrival_stair_chambers, layout_basic
D:2:      layout_basic, wad_floor_pattern_1, kennysheep_generic_room_10,
          uniq_sigmund

Skill      XL: |  1  2  3 |
---------------+----------+-----
Long Blades    | 3 |  3.3
Dodging        | 3 |  3.4
Throwing       | 2 |  2.0
Armour         | 1 |  1.6
Fighting       | |  2.4
Short Blades   | |  0.9
Stealth        | |  0.2

Action                   |  1- 3 |  4- 6 || total
-------------------------+-------+-------++-------
Melee: Dagger            |    78 |    12 ||    90
       Long sword        |     4 |       ||     4
Throw: Dart              |     4 |       ||     4
 Stab: Sleeping          |     1 |       ||     1
Armor: Leather armour    |    25 |     5 ||    30
Dodge: Dodged            |    57 |    16 ||    73

Table legend: (Time is in decaauts)
 A = Elapsed time spent in this place.
 B = Non-inter-level travel time spent in this place.
 C = Inter-level travel time spent in this place.
 D = Time resting spent in this place.
 E = Time spent auto-exploring this place.
 F = Levels seen in this place.
 G = Mean time per level.
                   A        B        C        D        E       F      G
               +--------+--------+--------+--------+--------+-----+--------+
         Total |   1150 |   1150 |      0 |      0 |    850 |   2 |  575.0 |
       Dungeon |   1150 |   1150 |      0 |      0 |    850 |   2 |  575.0 |
               +--------+--------+--------+--------+--------+-----+--------+

Top non-repeatable levels by time:
     D:1: 992 daAuts
     D:2: 158 daAuts
